 Dungeon Crawl Stone Soup version 0.27.0-1-g7a08968 (webtiles) character file.

Game seed: 17992031059799819355

3517 Orban the Cutter (level 9, -4/69 HPs)
             Began as a Demonspawn Berserker on Aug 31, 2022.
             Was an Elder of Trog.
             Succumbed to a killer bee's poison
             ... on level 7 of the Dungeon.
             The game lasted 00:18:11 (8068 turns).

Orban the Cutter (Demonspawn Berserker)             Turns: 8068, Time: 00:18:11

Health: -4/69      AC: 15    Str: 20    XL:     9   Next: 81%
Magic:  9/9        EV:  9    Int: 11    God:    Trog [****..]
Gold:   1269       SH: 10    Dex: 19    Spells: 8/8 levels left

rFire    + . .     SeeInvis .   s - +1 dagger (drain)
rCold    + + .     Faith    +   (no shield)
rNeg     . . .     Spirit   .   v - +3 chain mail {Will+}
rPois    .         Reflect  .   M - +0 helmet
rElec    .         Harm     .   m - scarf {rC+ rF+}
rCorr    .         Rampage  .   (no gloves)
Will     +....                  L - +0 pair of boots
Stlth    ..........             i - amulet of faith
HPRegen  0.21/turn              w - +6 ring of dexterity
MPRegen  0.11/turn              (no ring)

@: lethally poisoned (-4 -> -24), on berserk cooldown, slowed, very slow
A: hooves 1, large bone plates 2, demonic guardian 1, condensation shield,
clever 1, cold resistance 1, sense surroundings 1
a: Renounce Religion, Berserk, Trog's Hand, Brothers in Arms


You were on level 7 of the Dungeon.
You worshipped Trog.
Trog was greatly pleased with you.
You visited 1 branch of the dungeon, and saw 8 of its levels.

You collected 1381 gold pieces.
You spent 112 gold pieces at shops.

Inventory:

Hand Weapons
 a - a +0 short sword
 d - a +0 dagger of venom
 k - a +4 trident of freezing
 l - a +4 hand axe
 n - a +4 flail
 s - a +1 dagger of draining (weapon)
 y - a +1 vorpal hand axe
 B - a +1 rapier of holy wrath
 D - a +2 vorpal fustibalus
 H - a +2 flail of protection
Armour
 b - a +0 animal skin
 e - a +0 scale mail
 m - a scarf of resistance (worn)
 v - a +3 chain mail of willpower (worn)
 C - a +2 leather armour of fire resistance
 L - a +0 pair of boots (worn)
 M - a +0 helmet (worn)
Jewellery
 i - an amulet of faith (around neck)
 j - an amulet of guardian spirit
 o - a ring of protection from fire
 w - a +6 ring of dexterity (left hand)
 K - a ring of fire
Wands
 c - a wand of mindburst (13)
 h - a wand of flame (13)
 t - a wand of polymorph (6)
Scrolls
 f - 5 scrolls of teleportation
 p - a scroll of immolation
 q - a scroll of fear
 J - 3 scrolls of fog
Potions
 g - 5 potions of curing
 u - a potion of heal wounds
 A - a potion of flight


   Skills:
 + Level 6.1 Fighting
 + Level 7.6 Short Blades
 + Level 6.4 Armour
 + Level 3.8 Dodging
 + Level 2.4 Stealth
 + Level 5.8 Shields
 + Level 0.1 Unarmed Combat


You had 8 spell levels left.
You didn't know any spells.
Your spell library was empty.

Dungeon Overview and Level Annotations

Branches:
Dungeon (8/15)             Temple (0/1) D:6
   Lair: D:8-11

Altars:
Ashenzari
Cheibriados
Dithmenos
Elyvilon
Makhleb
Nemelex Xobeh
Vehumet
Wu Jian
Xom
Yredelemnul
Zin
The Shining One

Shops:
D:3 (   D:5 *   D:6 *   D:7 :!?

Annotations:
D:7 3 runed translucent doors, nimbus456123's ghost, novice OpTm


Innate Abilities, Weirdness & Mutations

You have large cloven feet.
You are mostly covered in large bone plates. (SH +6)
A weak demonic guardian rushes to your aid.
A meltable shield of frost defends you. (SH +4)
Your mind is acute. (Int +2)
Your flesh is cold resistant. (rC+)
You passively map a small area around you.


Message History

You feel very sick. The killer bee stings you.
* * * LOW HITPOINT WARNING * * *
The killer bee stings you but does no damage.
The yak gores you but does no damage. You block the killer bee's attack.
Your white imp barely misses the killer bee.
The killer bee stings you but does no damage.
You feel much better.
You feel sick. The killer bee closely misses you.
You block the killer bee's attack. The killer bee stings you.
* * * LOW HITPOINT WARNING * * *
The yak barely misses you. The killer bee stings you.
* * * LOW HITPOINT WARNING * * *
Your white imp completely misses the killer bee.
The killer bee stings you but does no damage. x2
Your white imp barely misses the killer bee.
You feel sick. You block the killer bee's attack. The killer bee stings you.
* * * LOW HITPOINT WARNING * * *
You are more poisoned.
The killer bee poisons you! The killer bee barely misses you.
You block the killer bee's attack.
Your white imp hits the killer bee.
Your white imp freezes the killer bee.
The killer bee stings you but does no damage.
There is a stone staircase leading up, spattered with blood here.
* * * LOW HITPOINT WARNING * * *
You feel very sick. The killer bee stings you.
* * * LOW HITPOINT WARNING * * *
You are lethally poisoned!
The killer bee poisons you! The killer bee stings you.
* * * LOW HITPOINT WARNING * * *
You are more poisoned.
The killer bee poisons you! You block the killer bee's attack.
The killer bee stings you but does no damage.
Your white imp misses the killer bee.
You block the killer bee's attack.
The killer bee stings you but does no damage.
The yak misses you.
Your white imp closely misses the killer bee.
You climb upwards.
Level annotation: 3 runed translucent doors, nimbus456123's ghost, novice OpTm You die...

#...........#<.........
#...........#.#........
#...........#.+........
#...........###.......#
*#....#'####...'.......#
,+....#.# #####.......#
#....#.# #.......#
#....#y########.......#
####.y@................
* #.##############.##.
#.#...........##∩##. , #
#.#########....... * *
#.# #.......(..... , ,
#.# #.#...##......
########.#
#.##..#..)....
#.....##.#
#.##..#.......
##.....##.#
#.##..#.......


You could see 2 killer bees.

Vanquished Creatures
  Eustachio (D:4)
  4 yaks (D:8)
  Edmund (D:6)
  Duvessa (D:5)
  4 water moccasins (D:6)
  2 black bears
  A sky beast (D:6)
  An ogre (D:6)
  2 phantoms
  2 centaurs
  A kobold brigand (D:6)
  Blork the orc (D:5)
  2 scorpions
  Dowan (D:5)
  A wyvern skeleton (D:7)
  2 killer bees (D:8)
  5 wights (D:7)
  2 jellies
  2 hounds (D:6)
  5 orc priests
  A centaur skeleton (D:6)
  A bullfrog skeleton (D:6)
  3 iguanas
  Natasha (thrice) (D:3)
  3 orc wizards
  Ijyb (D:4)
  A howler monkey zombie (D:7)
  9 adders
  A gnoll (D:1)
  A howler monkey skeleton (D:7)
  A white imp (D:7)
  3 worms
  14 orcs
  4 bats
  9 giant cockroaches
  5 goblins
  6 hobgoblins
  6 jackals
  5 quokkas
  2 ball pythons (D:2)
  5 frilled lizards (D:1)
  11 kobolds
  4 rats
140 creatures vanquished.

Vanquished Creatures (collateral kills)
  Menkaure (D:7)
1 creature vanquished.

Vanquished Creatures (others)
  A goblin (D:1)
  5 plants (D:3)
6 creatures vanquished.

Grand Total: 147 creatures vanquished

Notes
Turn   | Place    | Note
-------+----------+-------------------------------------------
     0 | D:1      | Orban the Demonspawn Berserker began the quest for the Orb.
     0 | D:1      | Reached XP level 1. HP: 18/18 MP: 1/1
   240 | D:1      | Found a faded altar of an unknown god.
   280 | D:1      | Gained mutation: A meltable shield of frost defends you.
                  | (SH +4) [demonic ancestry]
   280 | D:1      | Reached XP level 2. HP: 19/24 MP: 2/2
   363 | D:1      | Reached skill level 3 in Short Blades
   751 | D:1      | Gained mutation: You are partially covered in large bone
                  | plates. (SH +4) [demonic ancestry]
   751 | D:1      | Reached XP level 3. HP: 29/29 MP: 3/3
  2186 | D:3      | Gained mutation: You have large cloven feet. [demonic
                  | ancestry]
  2186 | D:3      | Reached XP level 4. HP: 27/36 MP: 4/4
  2336 | D:3      | Reached ** piety under Trog
  2465 | D:3      | Noticed Natasha
  2470 | D:3      | Killed Natasha
  2471 | D:3      | Reached skill level 4 in Short Blades
  2471 | D:3      | Reached XP level 5. HP: 35/42 MP: 5/5
  2601 | D:3      | Reached skill level 1 in Shields
  2823 | D:3      | Found Mooskiebb's Antique Weapon Shoppe.
  2849 | D:3      | Found a broken altar of Ashenzari.
  2963 | D:3      | Noticed Natasha
  2995 | D:3      | Killed Natasha
  3163 | D:3      | Noticed Natasha
  3224 | D:3      | Killed Natasha
  3331 | D:4      | Noticed a black bear
  3339 | D:4      | Killed a black bear
  3340 | D:4      | Gained mutation: You are mostly covered in large bone
                  | plates. (SH +6) [demonic ancestry]
  3340 | D:4      | Reached XP level 6. HP: 48/48 MP: 6/6
  3572 | D:4      | Noticed Ijyb
  3580 | D:4      | Killed Ijyb
  3760 | D:4      | Reached XP level 7. HP: 46/54 MP: 7/7
  3843 | D:4      | Noticed Eustachio
  3942 | D:4      | Killed Eustachio
  4085 | D:4      | Reached skill level 1 in Stealth
  4390 | D:4      | Found a snail-covered altar of Cheibriados.
  4466 | D:4      | Found a basalt altar of Yredelemnul.
  4647 | D:5      | Entered Level 5 of the Dungeon
  4689 | D:5      | Noticed Blork the orc
  4697 | D:5      | Killed Blork the orc
  4786 | D:5      | Found a sparkling altar of Nemelex Xobeh.
  4786 | D:5      | Found a burning altar of Makhleb.
  4786 | D:5      | Found an ornate altar of the Wu Jian Council.
  4788 | D:5      | Found a shimmering altar of Xom.
  4791 | D:5      | Found a shadowy altar of Dithmenos.
  4804 | D:5      | Reached *** piety under Trog
  4895 | D:5      | Noticed Duvessa
  4895 | D:5      | Noticed Dowan
  4905 | D:5      | Killed Duvessa
  4906 | D:5      | Reached XP level 8. HP: 61/61 MP: 8/8
  4909 | D:5      | Killed Dowan
  4910 | D:5      | Reached skill level 5 in Short Blades
  5180 | D:5      | Found Tausoysu's Gadget Gallery.
  5419 | D:6      | Reached skill level 5 in Fighting
  5443 | D:6      | Reached skill level 5 in Shields
  5515 | D:6      | Reached skill level 6 in Short Blades
  5515 | D:6      | Reached skill level 5 in Armour
  5771 | D:6      | Found a radiant altar of Vehumet.
  5798 | D:6      | Gained mutation: A weak demonic guardian rushes to your
                  | aid. [demonic ancestry]
  5798 | D:6      | Reached XP level 9. HP: 68/68 MP: 9/9
  6098 | D:6      | Reached **** piety under Trog
  6178 | D:6      | Found a staircase to the Ecumenical Temple.
  6348 | D:6      | Found Ecetar's General Store.
  6397 | D:6      | Noticed Edmund
  6408 | D:6      | Killed Edmund
  6519 | D:6      | Identified a scroll of acquirement
  6519 | D:6      | Acquired 1081 gold pieces
  6691 | D:6      | Gained mutation: Your flesh is cold resistant. (rC+)
                  | [potion of mutation]
  6691 | D:6      | Gained mutation: Your body sometimes deteriorates upon
                  | taking damage. [potion of mutation]
  6691 | D:6      | Gained mutation: Your spells are a little harder to cast,
                  | but a little more powerful. [potion of mutation]
  6692 | D:6      | Lost mutation: Your body sometimes deteriorates upon taking
                  | damage. [potion of mutation]
  6692 | D:6      | Lost mutation: Your spells are a little harder to cast, but
                  | a little more powerful. [potion of mutation]
  6692 | D:6      | Gained mutation: You sometimes lose the ability to read
                  | scrolls when taking damage. [potion of mutation]
  6692 | D:6      | Gained mutation: You are weak. (Str -2) [potion of
                  | mutation]
  6693 | D:6      | Lost mutation: You sometimes lose the ability to read
                  | scrolls when taking damage. [potion of mutation]
  6693 | D:6      | Lost mutation: You are weak. (Str -2) [potion of mutation]
  6693 | D:6      | Gained mutation: Your magical capacity is low. (-10% MP)
                  | [potion of mutation]
  6693 | D:6      | Gained mutation: You passively map a small area around you.
                  | [potion of mutation]
  6928 | D:7      | Found Byce's Book Shoppe.
  7157 | D:7      | Found Rynolios's Magic Scroll Shoppe.
  7476 | D:7      | Noticed an angel
  7623 | D:7      | Noticed Menkaure
  7638 | D:7      | Killed Menkaure
  7639 | D:7      | Reached skill level 7 in Short Blades
  7640 | D:7      | Found Anoraod's Distillery.
  7641 | D:7      | Found a runed translucent gate.
  7824 | D:7      | Found a runed translucent gate.
  7829 | D:7      | Found a runed translucent gate.
  7830 | D:7      | Bought a potion of mutation for 112 gold pieces
  7834 | D:7      | Lost mutation: You passively map a small area around you.
                  | [potion of mutation]
  7834 | D:7      | Lost mutation: Your magical capacity is low. (-10% MP)
                  | [potion of mutation]
  7834 | D:7      | Gained mutation: Your mind is acute. (Int +2) [potion of
                  | mutation]
  7834 | D:7      | Gained mutation: You passively map a small area around you.
                  | [potion of mutation]
  7855 | D:7      | Noticed nimbus456123's ghost (novice OpTm)
  8064 | D:8      | HP: 3/69 [killer bee (2)]
  8068 | D:7      | Succumbed to a killer bee's poison

Illustrated notes

Levels and vault maps discovered:
D:1:      minmay_arrival_three_doors, layout_loops_ring,
          shapermc_ecumenical_altar_petra
D:2:      layout_loops_corners
D:3:      layout_basic, cheibrodos_ashenzari_chains, serial_shops,
          nicolae_shop_trees, hangedman_decor_clover_reticule,
          serial_bayou_pond_b, uniq_natasha
D:4:      layout_loops_cross, general_overflow_altar,
          lemuel_coloured_pillars_altar, wad_orctagon, uniq_eustachio, uniq_ijyb
D:5:      layout_loops_ring, grunt_temple_overflow_open, nicolae_shop_gadgets,
          uniq_blork_the_orc, uniq_duvessa
D:6:      layout_rooms, nicolae_vehumet_radiance,
          minmay_temple_entry_proselytizer, serial_shops,
          nicolae_lakefront_shop, uniq_edmund
D:7:      layout_basic, zin_angel, serial_shops, shop, shop_statue,
          nicolae_shop_behind_doors, gammafunk_ghost_necromancy, uniq_menkaure
D:8:      layout_basic

Skill      XL: |  1  2  3  4  5  6  7  8  9 |
---------------+----------------------------+-----
Short Blades   | 3 4 6 7 |  7.6
Dodging        | 2 3 |  3.8
Armour         | 2 3 4 5 6 |  6.4
Shields        | 1 2 4 5 |  5.8
Fighting       | 4 5 6 |  6.1
Stealth        | 1 2 |  2.4
Unarmed Combat | |  0.1

Action                   |  1- 3 |  4- 6 |  7- 9 || total
-------------------------+-------+-------+-------++-------
Melee: Short sword       |    52 |       |       ||    52
       Dagger            |    84 |   140 |   438 ||   662
       Kick              |       |    53 |    89 ||   142
       Unarmed           |       |     5 |       ||     5
       Punch             |       |       |     1 ||     1
Invok: Berserk           |       |     5 |     9 ||    14
       Trog's Hand       |       |       |     2 ||     2
  Use: Scroll            |     1 |     1 |    11 ||    13
       Potion            |       |       |    12 ||    12
 Stab: Sleeping          |     1 |       |       ||     1
Armor: Animal skin       |    10 |       |       ||    10
       Scale mail        |    11 |    29 |       ||    40
       Chain mail        |       |     9 |   229 ||   238
Dodge: Dodged            |    63 |    41 |   201 ||   305
Block: Other             |    27 |    45 |   253 ||   325
